 Dungeon Crawl Stone Soup version 0.24-a0-284-g9fb9971 (webtiles) character file.

Game seed: 3498588315308142173

17 MisterFreud the Ducker (level 2, 0/14 HPs)
             Began as a Felid Berserker on May 6, 2019.
             Was a Follower of Trog.
             Succumbed to a kobold's poison
             ... on level 1 of the Dungeon.
             The game lasted 00:00:54 (270 turns).

MisterFreud the Ducker (Felid Berserker)             Turns: 270, Time: 00:00:55

Health: 0/14       AC:  1    Str: 18    XL:     2   Next: 44%
Magic:  3/3        EV: 19    Int:  8    God:    Trog [*.....]
Gold:   26         SH:  0    Dex: 15    Spells: 1/1 levels left
                                        Lives:  0   Deaths: 0

rFire    . . .     SeeInvis +     - Unarmed
rCold    . . .     Gourm    .   (shield unavailable)
rNeg     . . .     Faith    .   (armour unavailable)
rPois    .         Spirit   .   (helmet unavailable)
rElec    .         Reflect  .   (cloak unavailable)
rCorr    .         Harm     .   (gloves unavailable)
MR       .....                  (boots unavailable)
Stlth    ++........             (no amulet)
HPRegen  0.04/turn              (no ring)
MPRegen  0.08/turn              (no ring)

@: mighty, lethally poisoned (0 -> -13), quick
A: very small, no armour, no weapons or thrown items, stealth, claws 1, fangs 3,
see invisible, carnivore, speed 1, shaggy fur 1, slow metabolism 1, sharp paws
a: Berserk, Renounce Religion


You were on level 1 of the Dungeon.
You worshipped Trog.
Trog was aware of your devotion.
You were not hungry.

You visited 1 branch of the dungeon, and saw 1 of its levels.

You collected 26 gold pieces.

Inventory:

Scrolls
 b - a scroll of teleportation {unknown}
Comestibles
 a - a ration


   Skills:
 - Level 3.0 Fighting
 - Level 4.0 Dodging
 + Level 3.9 Unarmed Combat


You had one spell level left.
You didn't know any spells.
Your spell library was empty.

Dungeon Overview and Level Annotations

Branches:
Dungeon (1/15)

Altars:


Innate Abilities, Weirdness & Mutations

You cannot wear armour.
You are incapable of wielding weapons or throwing items.
Your paws allow you to move quietly. (Stealth)
You have sharp claws.
You have razor-sharp teeth.
You have supernaturally acute eyesight. (SInv)
You are carnivorous and can eat meat at any time.
You cover ground quickly.
You are covered in fur. (AC +1)
You have a slow metabolism.
Your sharp claws are effective at attacking unaware monsters.


Message History

You claw the kobold.
The kobold is severely wounded.
You feel sick. The kobold barely misses you.
You closely miss the kobold. Your bite misses the kobold.
The kobold is severely wounded.
You feel sick. The kobold completely misses you.
You closely miss the kobold.
The kobold is severely wounded.
You feel sick. The kobold closely misses you.
You are too injured to fight recklessly!
You are too injured to fight recklessly!
You feel sick.
You feel sick.
You feel sick. The dart slug launches a dart at you. The slug dart hits you.
* * * LOW HITPOINT WARNING * * *
It was a potion of might.
You feel very mighty all of a sudden.
You die...

####### ###### #.....#
#....# ###.!...# #....# ##
........# #....# #.
........#####....# #.
....w..K#.......รท########.
.........@(..........>....
....#####...........#####.
?...........#####...# ##
####........# ##########
#.......... .........
######.###.# .#######. #.#
.# #. #.# # #. #. ##.


You could see a dart slug and a kobold.

Vanquished Creatures
  A gnoll (D:1)
  An ooze (D:1)
  A bat (D:1)
  A kobold (D:1)
  2 rats (D:1)
6 creatures vanquished.

Notes
Turn   | Place    | Note
-------+----------+-------------------------------------------
     0 | D:1      | MisterFreud the Felid Berserker began the quest for the
                  | Orb.
     0 | D:1      | Reached XP level 1. HP: 10/10 MP: 2/2
    36 | D:1      | Reached XP level 2. HP: 14/14 MP: 3/3
   270 | D:1      | Succumbed to a kobold's poison

Levels and vault maps discovered:
D:1:      elethiomel_arrival_maze, layout_basic

Action                   || total
-------------------------++-------
Melee: Unarmed           ||    21
       Punch             ||     1
       Bite              ||     1
Invok: Berserk           ||     2
  Use: Potion            ||     1
  Eat: Chunk             ||     1
Armor: Skin              ||     4
Dodge: Dodged            ||    16

Table legend:
 A = Non-vault XP
 B = Vault XP
 C = Vault XP percentage of total XP
 D = Non-vault monster count
 E = Vault monster count
 F = Vault count percentage of total count
                 A         B        C        D         E       F
            +---------+---------+-------+---------+---------+-------
      Total |      25 |       0 |   0.0 |       6 |       0 |   0.0
            +---------+---------+-------+---------+---------+-------
        D:1 |      25 |       0 |   0.0 |       6 |       0 |   0.0
            +---------+---------+-------+---------+---------+-------
